 Dungeon Crawl Stone Soup version 0.28-a0-476-g0f06bd746f (webtiles) character file.

Game seed: 752696155671109262

7338 bande the Cleaver (level 11, -1/93 (95) HPs)
             Began as a Hill Orc Fighter on Sept 15, 2021.
             Was a High Priest of Okawaru.
             Slain by a white ugly thing (27 damage)
             ... on level 9 of the Dungeon on Sept 16, 2021.
             The game lasted 00:20:44 (8955 turns).

bande the Cleaver (Hill Orc Fighter)                Turns: 8955, Time: 00:20:45

HP:   -1/93 (95)    AC: 15    Str: 21    XL:     11   Next: 13%
MP:   11/11         EV: 11    Int:  8    God:    Okawaru [*****.]
Gold: 703           SH:  8    Dex: 18    Spells: 10/10 levels left

rFire   . . .      SeeInvis .   E - +3 hand axe (freeze)
rCold   . . .      Faith    .   J - +2 buckler
rNeg    . . .      Spirit   .   v - +0 plate armour
rPois   .          Reflect  .   (no helmet)
rElec   .          Harm     .   o - +0 cloak
rCorr   .          Rampage  .   (no gloves)
Will    .....                   (no boots)
Stlth   ..........              i - amulet of regeneration
HPRegen 1.25/turn               j - +6 ring of dexterity
MPRegen 0.12/turn               k - +4 ring of evasion

@: lightly drained
A: no striking features
a: Renounce Religion, Heroism, Finesse, Duel


You were on level 9 of the Dungeon.
You worshipped Okawaru.
Okawaru was extremely pleased with you.
You visited 2 branches of the dungeon, and saw 10 of its levels.
You also visited: Ossuary.

You collected 703 gold pieces.

Inventory:

Hand Weapons
 a - a +1 war axe
 l - a +0 flail
 E - a +3 hand axe of freezing (weapon)
Missiles
 F - a throwing net (quivered)
Armour
 o - a +0 cloak (worn)
 v - a +0 plate armour (worn)
 J - a +2 buckler (worn)
Jewellery
 c - an amulet of magic regeneration
 i - an amulet of regeneration (around neck)
 j - a +6 ring of dexterity (left hand)
 k - a +4 ring of evasion (right hand)
 r - a +6 ring of dexterity
 A - a ring of resist corrosion
 B - a +4 ring of evasion
 G - a ring of wizardry
Wands
 b - a wand of flame (22)
 q - a wand of acid (8)
 C - a wand of digging (6)
Scrolls
 f - 6 scrolls of identify
 g - 3 scrolls of enchant armour
 u - a scroll of teleportation
 w - 2 scrolls of fog
 y - a scroll of magic mapping
 z - a scroll of blinking
 H - 2 scrolls of immolation {unknown}
Potions
 d - 3 potions of might
 e - a potion of berserk rage
 h - 2 potions of heal wounds
 m - a potion of cancellation
 n - a potion of invisibility
 p - 2 potions of curing
 s - 2 potions of haste
 t - a potion of brilliance
 x - a potion of magic
 D - a potion of flight
 I - a potion of resistance {unknown}


   Skills:
 + Level 8.9 Fighting
 + Level 14.2 Axes
 + Level 9.8 Armour
 - Level 0.6 Dodging
 + Level 7.5 Shields


You had 10 spell levels left.
You didn't know any spells.
Your spell library contained the following spells:

 Spells                   Type           Power      Damage    Failure   Level
 Magic Dart               Conj           0%         1d3       100%        1
 Searing Ray              Conj           0%         2d4       100%        2
 Static Discharge         Conj/Air       0%         N/A       100%        2
 Dispel Undead            Necr           0%         3d6       100%        4
 Fulminant Prism          Conj/Hex       0%         3d6       100%        4
 Sticky Flame             Conj/Fire      0%         2d3       100%        4
 Blade Hands              Tmut           0%         N/A       100%        5
 Irradiate                Conj/Tmut      0%         3d14      100%        5
 Dragon Form              Tmut           0%         N/A       100%        7
 Orb of Destruction       Conj           0%         N/A       100%        7
 Summon Guardian Golem    Hex/Summ       Unusable   N/A       N/A         3
 Spellforged Servitor     Conj/Summ      Unusable   N/A       N/A         7

Dungeon Overview and Level Annotations

Branches:
Dungeon (9/15)             Temple (1/1) D:6             Orc (0/2) D:9
Ossuary (visited)
   Lair: D:8-11

Altars:
Ashenzari
Cheibriados
Dithmenos
Elyvilon
Fedhas
Gozag
Hepliaklqana
Kikubaaqudgha
Makhleb
Nemelex Xobeh
Okawaru
Qazlal
Sif Muna
Trog
Uskayaw
Vehumet
Wu Jian
Xom
Yredelemnul
Zin
The Shining One

Shops:
D:5 ?(![:   D:6 :   D:7 *   D:8 =*


Message History

You slash the white ugly thing!
The white ugly thing is heavily wounded.
You block the white ugly thing's attack.
The gnoll hits you but does no damage. You block the gnoll's attack.
You feel much better.
The white ugly thing tentacle-slaps you but does no damage.
The gnoll hits you but does no damage. You block the gnoll's attack.
You feel much better. The white ugly thing misses you.
The gnoll completely misses you.
The gnoll hits you from afar with a +0 spear.
Unknown command.
You hit the white ugly thing.
The white ugly thing is heavily wounded.
The white ugly thing tentacle-slaps you but does no damage.
The gnoll hits you but does no damage. The gnoll closely misses you.
Unknown command.
You closely miss the white ugly thing.
The white ugly thing is heavily wounded.
You hit the white ugly thing. You freeze the white ugly thing.
The white ugly thing is heavily wounded.
The white ugly thing tentacle-slaps you!
The white ugly thing freezes you! The gnoll barely misses you.
The gnoll hits you but does no damage.
Unknown command.
You hit the white ugly thing. You freeze the white ugly thing.
The white ugly thing is severely wounded.
Unknown command.
Your plate armour prevents you from hitting the white ugly thing.
The white ugly thing is severely wounded.
You slash the howler monkey zombie! You freeze the howler monkey zombie.
The white ugly thing tentacle-slaps you.
The white ugly thing freezes you!!
* * * LOW HITPOINT WARNING * * *
You block the gnoll's attack. x2
You feel much better.
The howler monkey zombie closely misses you.
The white ugly thing tentacle-slaps you.
* * * LOW HITPOINT WARNING * * *
The white ugly thing freezes you!!
You die...

########## #........#
#........# +........+
#.....g..# #....)u..#
#...g)@..# ######Z### #..#
#######'#### #..........#
##.........>#
#...........##############
............'.#...>.......
#..........#.#...........


You could see a white ugly thing, 2 gnolls and a howler monkey zombie.

Vanquished Creatures
  A two-headed ogre (D:7)
  A deep elf pyromancer (D:8)
  2 cyclopes
  A manticore (D:8)
  An unseen horror (D:8)
  6 yaks (D:7)
  2 steam dragons (D:8)
  A basilisk (D:8)
  Menkaure (D:6)
  An acid dragon (D:9)
  Duvessa (D:6)
  An orc warrior (D:8)
  An ice beast (D:7)
  3 sky beasts
  A black bear (D:7)
  2 necrophages
  2 ogres
  A centaur (D:7)
  2 kobold brigands
  A phantom (D:6)
  3 bullfrogs
  A gnoll sergeant (D:9)
  3 scorpions
  3 wyvern zombies
  A water moccasin zombie (D:6)
  A water moccasin skeleton (D:5)
  Dowan (D:6)
  14 wights
  2 howler monkeys
  A crimson imp (D:8)
  5 orc priests
  A hound (D:5)
  2 jellies (D:3)
  A gnoll shaman (D:5)
  Crazy Yiuf (D:4)
  A bullfrog skeleton (D:7)
  An iguana (D:5)
  An orc wizard (D:8)
  8 mummies (Ossuary)
  A howler monkey zombie (D:8)
  14 gnolls
  7 adders
  4 white imps
  An ufetubus (D:5)
  23 orcs
  18 endoplasms
  6 giant cockroaches
  7 goblins
  6 hobgoblins
  4 jackals (D:4)
  13 kobolds
  3 quokkas
  8 ball pythons
  5 bats
  2 frilled lizards
  2 gnoll zombies (Ossuary)
  3 hobgoblin zombies (Ossuary)
  A kobold zombie (Ossuary)
  2 orc zombies (Ossuary)
  2 quokka zombies (D:6)
  8 rats
223 creatures vanquished.

Vanquished Creatures (others)
  A howler monkey (D:8)
  9 fungi (D:3)
  3 toadstools (D:3)
13 creatures vanquished.

Grand Total: 236 creatures vanquished

Notes
Turn   | Place    | Note
-------+----------+-------------------------------------------
     0 | D:1      | bande the Hill Orc Fighter began the quest for the Orb.
     0 | D:1      | Reached XP level 1. HP: 19/19 MP: 1/1
   147 | D:1      | Reached XP level 2. HP: 27/27 MP: 2/2
   621 | D:2      | Reached skill level 3 in Axes
   747 | D:2      | Reached XP level 3. HP: 33/33 MP: 3/3
  2033 | D:3      | Noticed an ogre
  2042 | D:3      | Killed an ogre
  2043 | D:3      | Reached skill level 4 in Axes
  2043 | D:3      | Reached XP level 4. HP: 38/40 MP: 4/4
  2043 | D:3      | Reached XP level 5. HP: 43/46 MP: 5/5
  2172 | D:3      | Reached skill level 5 in Axes
  2282 | D:3      | Upgraded the game from 0.28-a0-474-g535839065c to
                  | 0.28-a0-476-g0f06bd746f
  2360 | D:3      | Reached XP level 6. HP: 51/53 MP: 6/6
  2577 | D:3      | Reached skill level 6 in Axes
  2683 | D:3      | Found a faded altar of an unknown god.
  3274 | D:4      | Reached skill level 7 in Axes
  3479 | D:4      | Found a blossoming altar of Fedhas.
  3484 | D:4      | Found a burning altar of Makhleb.
  3487 | D:4      | Found a white marble altar of Elyvilon.
  3569 | D:4      | Reached XP level 7. HP: 60/60 MP: 7/7
  3886 | D:4      | Found a runed translucent door.
  3887 | D:4      | Noticed Crazy Yiuf
  4155 | D:4      | Killed Crazy Yiuf
  4210 | D:5      | Entered Level 5 of the Dungeon
  4245 | D:5      | Reached skill level 5 in Fighting
  4256 | D:5      | Reached skill level 5 in Armour
  4294 | D:5      | Reached skill level 8 in Axes
  4308 | D:5      | Found Uxtexza's Antique Armour Boutique.
  4396 | D:5      | Found Ujevuigu's Antique Weapon Boutique.
  4403 | D:5      | Found Unow's Distillery.
  4427 | D:5      | Reached XP level 8. HP: 69/69 MP: 8/8
  4458 | D:5      | Reached skill level 9 in Axes
  4705 | D:5      | Found Hiygaoc's Magic Scroll Emporium.
  4912 | D:5      | Found Mouseargh's Book Shoppe.
  4952 | D:5      | Reached skill level 5 in Shields
  5301 | D:5      | Found an iron altar of Okawaru.
  5301 | D:5      | Found a basalt altar of Yredelemnul.
  5314 | D:5      | Became a worshipper of Warmaster Okawaru
  5393 | D:6      | Found a staircase to the Ecumenical Temple.
  5404 | Temple   | Entered the Ecumenical Temple
  5549 | D:6      | Noticed Dowan
  5550 | D:6      | Noticed Duvessa
  5555 | D:6      | Killed Dowan
  5556 | D:6      | Reached skill level 10 in Axes
  5567 | D:6      | Killed Duvessa
  5687 | D:6      | Found a sand-covered staircase.
  5695 | Ossuary  | Entered an ossuary
  5729 | Ossuary  | Reached * piety under Okawaru
  5742 | Ossuary  | Reached XP level 9. HP: 78/78 MP: 9/9
  6017 | D:6      | Found Kiorenku's Book Boutique.
  6028 | D:6      | Reached skill level 11 in Axes
  6268 | D:6      | Noticed Menkaure
  6278 | D:6      | Killed Menkaure
  6688 | D:7      | Reached ** piety under Okawaru
  6689 | D:7      | Reached skill level 12 in Axes
  6749 | D:7      | Reached XP level 10. HP: 20/86 MP: 10/10
  6755 | D:7      | Reached *** piety under Okawaru
  7290 | D:7      | Found Nilexiy's General Store.
  7339 | D:7      | Reached skill level 13 in Axes
  7610 | D:8      | Found Ramair's Jewellery Shoppe.
  7711 | D:8      | Killed an unseen horror
  7779 | D:8      | Noticed a manticore
  7834 | D:8      | Found Igaicw's Changing Room.
  8079 | D:8      | Noticed a two-headed ogre
  8148 | D:7      | Killed a two-headed ogre
  8148 | D:7      | Reached **** piety under Okawaru
  8472 | D:8      | Noticed a cyclops
  8488 | D:8      | Killed a cyclops
  8488 | D:8      | Reached ***** piety under Okawaru
  8495 | D:8      | Killed a manticore
  8533 | D:8      | Noticed a deep elf pyromancer
  8541 | D:8      | Killed a deep elf pyromancer
  8542 | D:8      | Reached skill level 14 in Axes
  8542 | D:8      | Reached XP level 11. HP: 74/95 MP: 11/11
  8804 | D:9      | Noticed a cyclops
  8818 | D:9      | Killed a cyclops
  8819 | D:9      | Found a staircase to the Orcish Mines.
  8934 | D:9      | Noticed a white ugly thing
  8955 | D:9      | Slain by a white ugly thing

Illustrated notes

Levels and vault maps discovered:
D:1:      elethiomel_arrival_quiet, layout_loops_ring,
          hangedman_decor_clover_reticule
D:2:      layout_basic, serial_forest, infiniplex_forest_lined_2,
          infiniplex_forest_clump_curved, infiniplex_forest_clump_double,
          infiniplex_forest_clump_curved, infiniplex_forest_corner_1,
          infiniplex_forest_straight_3, infiniplex_forest_lined_3_way
D:3:      cheibrodos_fertilizer, layout_basic, serial_rivers,
          chequers_serial_rivers_small_b, chequers_serial_rivers_micro_c,
          chequers_serial_rivers_marsh, chequers_serial_rivers_micro_c,
          chequers_ecumenical_altar_lobes
D:4:      layout_basic, minmay_overflow_temple_star_quad, serial_glass,
          glass_columns_a, glass_columns_c, glass_columns_a, glass_columns_c,
          glass_columns_a, glass_columns_c, glass_columns_b, glass_columns_c,
          item_on_display_a, feat_on_display, uniq_crazy_yiuf_cottage
D:5:      layout_gridville, gammafunk_temple_overflow_elements, serial_shops,
          nicolae_square_shop, nicolae_stop_n_shop_2, nicolae_shop_stone,
          nicolae_shop_window_shopping, nicolae_shop_statue_plus
D:6:      cheibrodos_quashed, layout_basic, minmay_temple_entry_waves,
          enter_ossuary_4, serial_shops, nicolae_diamond_shop, uniq_menkaure,
          uniq_duvessa
D:7:      layout_rooms, serial_shops, kennysheep_mini, st_stairs_13
D:8:      minmay_bloctagon, layout_rooms, serial_shops,
          nicolae_shop_temple_entry_statues_fountains,
          nicolae_transmutations_shop, minmay_fire_ice_demons
D:9:      layout_roguey, general_overflow_altar, lair_entry_dummy, orc_0_dummy
Temple:   nicolae_temple_elliptical

Skill      XL: |  1  2  3  4  5  6  7  8  9 10 |
---------------+-------------------------------+-----
Axes           | 3 4 5 7 8 10 12 14 | 14.2
Fighting       | 4 5 6 7 8 |  8.9
Armour         | 4 5 6 7 9 |  9.8
Shields        | 4 5 6 7 |  7.5
Dodging        | |  0.6

Action                   |  1- 3 |  4- 6 |  7- 9 | 10-12 || total
-------------------------+-------+-------+-------+-------++-------
Melee: War axe           |   103 |   115 |   305 |       ||   523
       Hand axe          |       |       |    55 |   219 ||   274
  Use: Scroll            |     5 |     1 |    15 |       ||    21
       Potion            |       |       |       |     3 ||     3
Armor: Scale mail        |    39 |    34 |    45 |       ||   118
       Plate armour      |       |       |    64 |    90 ||   154
Dodge: Dodged            |    42 |    88 |   192 |    82 ||   404
Block: Buckler           |    19 |    30 |   136 |    66 ||   251

Table legend: (Time is in decaauts)
 A = Elapsed time spent in this place.
 B = Non-inter-level travel time spent in this place.
 C = Inter-level travel time spent in this place.
 D = Time resting spent in this place.
 E = Time spent auto-exploring this place.
 F = Levels seen in this place.
 G = Mean time per level.
                   A        B        C        D        E       F      G
               +--------+--------+--------+--------+--------+-----+--------+
         Total |   8933 |   8893 |     40 |   1219 |   5525 |  11 |  812.1 |
       Dungeon |   8605 |   8565 |     40 |   1219 |   5406 |   9 |  956.1 |
        Temple |     94 |     94 |      0 |      0 |      0 |   1 |   94.0 |
       Ossuary |    233 |    233 |      0 |      0 |    119 |   1 |  233.0 |
               +--------+--------+--------+--------+--------+-----+--------+

Top non-repeatable levels by time:
     D:3: 1414 daAuts
     D:7: 1234 daAuts
     D:5: 1146 daAuts
     D:4: 1144 daAuts
     D:2: 1090 daAuts
     D:6: 935 daAuts
     D:8: 786 daAuts
     D:1: 626 daAuts
 Ossuary: 233 daAuts
     D:9: 227 daAuts
  Temple: 94 daAuts
